[Event "Late-Titled-Tuesday-Blitz-March-19-2024"]
[Site "Chess.com"]
[Date "2024.03.19"]
[Round "8"]
[White "Lukianoo"]
[Black "djano"]
[Result "1-0"]
[WhiteElo "2852"]
[BlackElo "2644"]
[TimeControl "180+1"]
[EndTime "15:26:03 PDT"]
[Termination "Lukianoo won by resignation"]

1. e4 c5 2. Nf3 Nc6 3. Bb5 e5 4. O-O Nge7 5. c3 g6 6. d4 cxd4 7. cxd4 exd4 8. Nxd4 Bg7 9. Be3 O-O 10. Nc3 d5 11. exd5 Nxd5 12. Nxc6 bxc6 13. Nxd5 cxb5 14. Bc5 Re8 15. Be7 Qd7 16. Nf6+ Bxf6 17. Bxf6 Qc6 18. Bc3 Bb7 19. f3 Rad8 20. Qb3 Re2 21. Rad1 Rde8 22.
Qb4 h5 23. Rd6 Qc4 24. Qxc4 bxc4 25. Rfd1 Kf8 26. Rd7 R2e7 27. Bb4 1-0

[Event "Late-Titled-Tuesday-Blitz-March-19-2024"]
[Site "Chess.com"]
[Date "2024.03.19"]
[Round "8"]
[White "AlexeiShirov"]
[Black "SoltaniciR"]
[Result "1-0"]
[WhiteElo "2855"]
[BlackElo "2658"]
[TimeControl "180+1"]
[EndTime "15:26:04 PDT"]
[Termination "AlexeiShirov won on time"]

1. e4 c5 2. Nf3 d6 3. d4 cxd4 4. Nxd4 Nf6 5. Nc3 a6 6. Be3 e6 7. Be2 Qc7 8. Qd2 b5 9. f3 h5 10. a3 Nbd7 11. O-O-O Bb7 12. Ndxb5 axb5 13. Nxb5 Qc6 14.
Nxd6+ Bxd6 15. Qxd6 Qxd6 16. Rxd6 Ke7 17. Rhd1 Rhc8 18.
Bb5 Rc7 19. c4 Rac8 20. b3 Bc6 21. a4 Bxb5 22. axb5 Nc5 23. Kb2 Nxb3 24. Kxb3 Rxc4 25. R6d3 Rc2 26. b6 1-0

[Event "Late-Titled-Tuesday-Blitz-March-19-2024"]
[Site "Chess.com"]
[Date "2024.03.19"]
[Round "8"]
[White "MusicCityMaster"]
[Black "Likvidator228"]
[Result "1-0"]
[WhiteElo "2463"]
[BlackElo "2551"]
[TimeControl "180+1"]
[EndTime "15:26:04 PDT"]
[Termination "MusicCityMaster won by resignation"]

1. e4 c5 2. Nf3 g6 3. d3 Bg7 4. g3 Nc6 5. Bg2 e6 6. O-O Nge7 7. Re1 O-O 8. c3 d6 9. d4 cxd4 10.
cxd4 d5 11. e5 Bd7 12. Nc3 a6 13. Bf4 b5 14. h4 b4 15. Na4 Na5 16. Nc5 Bb5 17.
b3 Qb6 18. Qd2 Bc6 19. Bh6 Nb7 20. Nd3 a5 21. h5 Bb5 22. Bxg7 Kxg7 23. h6+ Kh8 24.
Qg5 Ng8 25. Nf4 Qd8 26. Rac1 Qxg5 27. Nxg5 Nxh6 28. Rc7 Rab8 29. Nfxe6 Rfc8 30. Nxf7+ Nxf7 31. Rxf7 Bc6 32. Ng5 h5 33. Bh3 Rf8 34. Rh7+ Kg8 35. Be6+ 1-0

[Event "Late-Titled-Tuesday-Blitz-March-19-2024"]
[Site "Chess.com"]
[Date "2024.03.19"]
[Round "8"]
[White "Koalaskakistis"]
[Black "Navyblue1"]
[Result "1/2-1/2"]
[WhiteElo "2461"]
[BlackElo "2212"]
[TimeControl "180+1"]
[EndTime "15:26:05 PDT"]
[Termination "Game drawn by repetition"]

1. d4 Nf6 2. Nc3 d5 3. Bf4 c6 4. e3 Bf5 5. Nf3 h6 6. Ne5 Nbd7 7. Bd3 Bxd3 8. Qxd3 e6 9. O-O Be7 10. e4 dxe4 11.
Nxe4 Nxe5 12. Bxe5 O-O 13. c3 Nxe4 14. Qxe4 Qd5 15. Qxd5 cxd5 16. f3 Rfc8 17. Rfe1 b5 18.
Rac1 a5 19. Bf4 Rc6 20. a3 Rac8 21. Bd2 Bf6 22. Kf2 b4 23. axb4 axb4 24. Ke3 bxc3 25. Rxc3 Rc4 26. Rxc4 Rxc4 27. Bc3 Be7 28. Kd3 Rc7 29.
Rb1 Rb7 30. Ra1 Bb4 31. Bxb4 Rxb4 32. Kc3 Rc4+ 33. Kd3 Rb4 34. Kc3 Rc4+ 35. Kd3 Rb4 1/2-1/2

[Event "Late-Titled-Tuesday-Blitz-March-19-2024"]
[Site "Chess.com"]
[Date "2024.03.19"]
[Round "8"]
[White "VanRommel28"]
[Black "aistrel"]
[Result "0-1"]
[WhiteElo "2508"]
[BlackElo "2651"]
[TimeControl "180+1"]
[EndTime "15:26:07 PDT"]
[Termination "aistrel won by resignation"]

1. Nf3 d5 2. b3 Bf5 3. Bb2 Nc6 4.
d3 f6 5. Nbd2 e5 6. e4 Bg4 7. h3 Bh5 8. g4 Bf7 9. Bg2 h5 10. a3 hxg4 11. hxg4 Rxh1+ 12. Bxh1 Qd7 13. Nh2 O-O-O 14. exd5 Bxd5 15. Bxd5 Qxd5 16. Qf3 Qa5 17. b4 Qa4 18. O-O-O Nge7 19. Qe4 Nd5 20. c4 Ndxb4 21.
axb4 Nxb4 22. d4 Na2+ 23. Kb1 Qxd1+ 24. Kxa2 Qxd2 25. Nf3 Qa5+ 26. Kb1 Ba3 27. dxe5 Qb4 28. Qc2 Rd3 29. exf6 gxf6 30. Nd4 Rxd4 31. Qf5+ Kb8 0-1

[Event "Late-Titled-Tuesday-Blitz-March-19-2024"]
[Site "Chess.com"]
[Date "2024.03.19"]
[Round "8"]
[White "PapaieDudu"]
[Black "yaguigor"]
[Result "0-1"]
[WhiteElo "2462"]
[BlackElo "2580"]
[TimeControl "180+1"]
[EndTime "15:26:07 PDT"]
[Termination "yaguigor won on time"]

1. Nf3 d5 2. d4 Nf6 3. c4 c6 4.
Nc3 e6 5. Bg5 dxc4 6. a4 Bb4 7. e3 b5 8. Be2 a6 9. O-O Bb7 10. Ne5 Be7 11. f4 Nd5 12. f5 Bxg5 13. fxe6 O-O 14. Nxf7 Bxe3+ 15. Kh1 Qe7 16. Nxd5 cxd5 17.
Bg4 Nc6 18. Qf3 Bxd4 19. Qxd5 Bxb2 20. Rab1 Ne5 21. Qd1 Nxg4 22. Qxg4 Bf6 23. axb5 Bd5 24. bxa6 Qxe6 25. Nh6+ Kh8 26. Nf5 Be4 0-1

[Event "Late-Titled-Tuesday-Blitz-March-19-2024"]
[Site "Chess.com"]
[Date "2024.03.19"]
[Round "8"]
[White "SnekkerAndersen"]
[Black "stepanosinovsky"]
[Result "0-1"]
[WhiteElo "2687"]
[BlackElo "2365"]
[TimeControl "180+1"]
[EndTime "15:26:09 PDT"]
[Termination "stepanosinovsky won by checkmate"]

1. d4 Nf6 2. Bf4 g6 3. Nc3 Bg7 4. e4 O-O 5. Qd2 d6 6. O-O-O Nc6 7. Nf3 Bg4 8. h3 Bxf3 9. gxf3 Nxd4 10. Qxd4 e5 11.
Bxe5 dxe5 12. Qxe5 Nh5 13. Qc5 Qf6 14. Qe3 c6 15. Kb1 Nf4 16. Bc4 b5 17. Bb3 a5 18.
a3 a4 19. Ba2 Qe5 20. Qd2 b4 21. axb4 a3 22. Qd6 axb2 23. Qxe5 Bxe5 24. b5 Bxc3 25. bxc6 Be5 26. Bc4 Ra1# 0-1

[Event "Late-Titled-Tuesday-Blitz-March-19-2024"]
[Site "Chess.com"]
[Date "2024.03.19"]
[Round "8"]
[White "Kavyev_Ruslan"]
[Black "Roedor"]
[Result "0-1"]
[WhiteElo "2439"]
[BlackElo "2327"]
[TimeControl "180+1"]
[EndTime "15:26:10 PDT"]
[Termination "Roedor won by resignation"]

1. d4 Nf6 2. c4 g6 3. Nf3 Bg7 4. g3 O-O 5. Bg2 d6 6. O-O Nc6 7. d5 Na5 8. Nfd2 c5 9. Nc3 a6 10. e4 Rb8 11. a4 e5 12. dxe6 Bxe6 13. Nd5 b5 14. axb5 axb5 15. cxb5 Bxd5 16. exd5 Rxb5 17. Qa4 Qb6 18. Nc4 Nxc4 19. Qxc4 Nd7 20. Re1 Ne5 21.
Qc2 c4 22. Be3 Rxb2 23. Bxb6 Rxc2 24. Bc7 Nd3 25. Re7 Bxa1 26. Bxd6 Rd8 27. Ba3 Ra2 28.
d6 Rxa3 29. d7 Kf8 30. Re2 Rxd7 31. Bh3 Rd8 32. Rc2 c3 33. Kg2 Ne1+ 0-1

[Event "Late-Titled-Tuesday-Blitz-March-19-2024"]
[Site "Chess.com"]
[Date "2024.03.19"]
[Round "8"]
[White "ExtremeLearner"]
[Black "NovakRatko"]
[Result "1-0"]
[WhiteElo "2554"]
[BlackElo "2420"]
[TimeControl "180+1"]
[EndTime "15:26:12 PDT"]
[Termination "ExtremeLearner won on time"]

1. d4 d5 2. c4 c5 3. cxd5 Qxd5 4. Nf3 c4 5. Nc3 Qd7 6. e4 b5 7. Ne5 Qb7 8. Qh5 g6 9. Qf3 Nf6 10. Bg5 Bg7 11. Nd5 O-O 12. Be2 Nxd5 13. exd5 f6 14. d6 Qb6 15. dxe7 Re8 16. Qd5+ Be6 17. Qxa8 fxg5 18. O-O Qxd4 19. Nc6 Qb6 20. Nxb8 1-0

[Event "Late-Titled-Tuesday-Blitz-March-19-2024"]
[Site "Chess.com"]
[Date "2024.03.19"]
[Round "8"]
[White "GHANDEEVAM2003"]
[Black "Zhigalko_Sergei"]
[Result "1-0"]
[WhiteElo "3049"]
[BlackElo "2886"]
[TimeControl "180+1"]
[EndTime "15:26:17 PDT"]
[Termination "GHANDEEVAM2003 won on time"]

1. Nf3 b5 2. e3 a6 3. b3 Bb7 4. Bb2 e6 5. Be2 Nf6 6. O-O c5 7. c4 b4 8. d4 Be7 9. Nbd2 O-O 10. Qc2 d6 11. dxc5 dxc5 12. Ng5 Nbd7 13. Rad1 h6 14. Nde4 hxg5 15. Nxg5 g6 16. Nxe6 Qb6 17. Nxf8 Nxf8 18. Bf3 Ne6 19. Bxb7 Qxb7 20. Rd2 Ne4 21. Rd3 Bf6 22. Bxf6 Nxf6 23. Rfd1 Qe4 24. Qb2 Kg7 25. f3 Qh4 26. Qe5 Rh8 27. Rd7 Rh5 28. Qxe6 Qxh2+ 29. Kf2 Rf5 30. Rxf7+ Kh6 31. Rxf6 Qh4+ 32. Ke2 Rxf6 33. Qe7 Kg5 34. Rd6 1-0

[Event "Late-Titled-Tuesday-Blitz-March-19-2024"]
[Site "Chess.com"]
[Date "2024.03.19"]
[Round "8"]
[White "ATM622"]
[Black "CuteSheepCloud"]
[Result "0-1"]
[WhiteElo "2511"]
[BlackElo "2654"]
[TimeControl "180+1"]
[EndTime "15:26:17 PDT"]
[Termination "CuteSheepCloud won by resignation"]

1. d4 Nf6 2. c4 e6 3. g3 d5 4.
Bg2 Be7 5. Nf3 O-O 6. O-O dxc4 7. Ne5 a6 8. Nxc4 Ra7 9. Nc3 b5 10. Ne5 Bb7 11. e3 c5 12. Bxb7 Rxb7 13. Qf3 Rc7 14. dxc5 Rxc5 15. Rd1 Qc8 16. Nd3 Rf5 17. Qg2 b4 18. Ne4 Nxe4 19. Qxe4 a5 20. g4 Rd5 21. Qf3 Rfd8 22. e4 Rd4 23. Bf4 Qc2 24. Bxb8 Rxd3 25.
Rxd3 Rxd3 26. Qf4 Rd2 27. Ba7 h6 28. Be3 Re2 29. Qf3 Qxb2 30. Rd1 Qxa2 31. Rd7 Bf6 32.
Bxh6 Re1+ 33. Kg2 Qe2 34. Qxe2 Rxe2 35. Bf4 a4 36. g5 Bc3 37. h4 g6 38. Kf3 Rc2 39.
Rc7 a3 40. Be5 Bxe5 41. Rxc2 b3 42. Rc8+ Kg7 43. h5 gxh5 44. Ra8 b2 45. g6 Kxg6 46. Rg8+ Kf6 47. Rb8 Bxb8 0-1

[Event "Late-Titled-Tuesday-Blitz-March-19-2024"]
[Site "Chess.com"]
[Date "2024.03.19"]
[Round "8"]
[White "McCarthyStone"]
[Black "andjela_djidjika"]
[Result "1-0"]
[WhiteElo "2362"]
[BlackElo "2132"]
[TimeControl "180+1"]
[EndTime "15:26:20 PDT"]
[Termination "McCarthyStone won by resignation"]

1. e4 c5 2. Nf3 d6 3. e5 dxe5 4. Nxe5 Nf6 5. Nc3 e6 6. g3 Bd6 7. Nc4 Be7 8. Bg2 O-O 9. O-O Nc6 10. d3 a6 11. a4 Nb4 12. Re1 Nbd5 13. Bd2 Rb8 14.
a5 b5 15. axb6 Nxb6 16. Ne5 Nfd5 17. Nc6 Qc7 18. Nxd5 Nxd5 19. Bxd5 Bf6 20. Nxb8 exd5 21. Nxa6 Qc6 22. Nb8 Qb7 23. Bf4 d4 24. Qe2 Bh3 25. Qe4 Qxb2 26. Bd6 Rc8 27. Qe8+ 1-0

[Event "Late-Titled-Tuesday-Blitz-March-19-2024"]
[Site "Chess.com"]
[Date "2024.03.19"]
[Round "8"]
[White "amanmuhammethommadov"]
[Black "HandKnit"]
[Result "1-0"]
[WhiteElo "2650"]
[BlackElo "2498"]
[TimeControl "180+1"]
[EndTime "15:26:21 PDT"]
[Termination "amanmuhammethommadov won by resignation"]

1. e4 e5 2. Nf3 Nc6 3. Bb5 a6 4. Ba4 Bc5 5. O-O Nge7 6. Nxe5 Nxe5 7. d4 Bd6 8. dxe5 Bxe5 9. f4 Bd6 10. Be3 O-O 11.
e5 Bb4 12. f5 d5 13. f6 Ng6 14.
fxg7 Kxg7 15. Qh5 Kg8 16. Nc3 c6 17. Rad1 Qh4 18. Qxh4 Nxh4 19. Bh6 Re8 20. Nxd5 cxd5 21. Bxe8 Be6 22. Ba4 Nf5 23. Bg5 Bc5+ 24. Kh1 h6 25. Bc1 Rc8 26. Bb3 Ne3 27. Bxe3 Bxe3 28. c3 Rc5 29. Rd3 Bg5 30. Rfd1 Rb5 31. Bxd5 Bxd5 32. Rxd5 Rxb2 33. Rf1 Rxa2 34. Rc5 Re2 35. Rc8+ Kg7 36. Rc7 Rxe5 37. Rcxf7+ Kg6 38. Rxb7 Re6 39. g3 Rc6 40. Rf3 Bf6 41. c4 Kg5 42. Kg2 Rxc4 43. h4+ Kg6 44. Rb6 Rc2+ 45. Kh3 Kh5 46. Rbxf6 1-0

[Event "Late-Titled-Tuesday-Blitz-March-19-2024"]
[Site "Chess.com"]
[Date "2024.03.19"]
[Round "8"]
[White "masnyszachistaaa"]
[Black "AlexPapasimakopoulos"]
[Result "0-1"]
[WhiteElo "2570"]
[BlackElo "2762"]
[TimeControl "180+1"]
[EndTime "15:26:22 PDT"]
[Termination "AlexPapasimakopoulos won by resignation"]

1. d4 e6 2. Nf3 d5 3. c4 a6 4. cxd5 exd5 5. Nc3 c6 6. Bf4 Bd6 7. e3 Bxf4 8. exf4 Bg4 9. Be2 Bxf3 10. Bxf3 Ne7 11.
O-O Nd7 12. Re1 O-O 13. g3 Nc8 14. Qd2 Nd6 15. Ne2 Qb6 16. Nc1 Rfe8 17. Rxe8+ Rxe8 18. Nb3 Nc4 19. Qc3 a5 20. Nd2 Nxd2 21. Qxd2 Qb4 22.
Qc3 Nb6 23. Qxb4 axb4 24. Kf1 Nc4 25. Be2 Nd2+ 26. Ke1 Nf3+ 27. Kd1 Nxd4 28. Bd3 Kf8 29. h4 h6 30. a3 Ra8 31. Bc2 bxa3 32. bxa3 Ke7 33.
Bd3 b5 34. Ra2 Kd6 35. Kd2 c5 36. Bf1 b4 37. a4 c4 38. Kc1 b3 39. Ra3 Nc2 0-1

[Event "Late-Titled-Tuesday-Blitz-March-19-2024"]
[Site "Chess.com"]
[Date "2024.03.19"]
[Round "8"]
[White "Kumi29"]
[Black "rodp92"]
[Result "0-1"]
[WhiteElo "2569"]
[BlackElo "2501"]
[TimeControl "180+1"]
[EndTime "15:26:23 PDT"]
[Termination "rodp92 won by checkmate"]

1. d4 g6 2. h4 h5 3. g4 hxg4 4. e4 d5 5. Nc3 dxe4 6. Nxe4 Nf6 7. Ng5 Bf5 8. Bc4 e6 9. c3 c6 10. Ne2 Nbd7 11. Nf4 Bd6 12. Qb3 Qb6 13. Nxf7 Bxf4 14. Nxh8 Bxc1 15. Bxe6 Bxb2 16. Bxd7+ Nxd7 17. Qg8+ Ke7 18. Qxa8 Bxc3+ 19. Kf1 Bxa1 20. Kg2 Be4+ 21. Kg3 Qc7+ 22.
Kxg4 Nf6+ 23. Kg5 Bxd4 24. Re1 Qe5+ 25. Kh6 Ng4+ 26. Kh7 Qg7# 0-1

[Event "Late-Titled-Tuesday-Blitz-March-19-2024"]
[Site "Chess.com"]
[Date "2024.03.19"]
[Round "8"]
[White "EternalNight8"]
[Black "Airquake"]
[Result "0-1"]
[WhiteElo "2467"]
[BlackElo "2643"]
[TimeControl "180+1"]
[EndTime "15:26:24 PDT"]
[Termination "Airquake won by resignation"]

1. d4 f6 2. e4 Kf7 3. Nc3 g6 4. f4 Kg7 5. Nf3 b6 6. Be3 Bb7 7. Qd2 e6 8. h4 d5 9. exd5 exd5 10. h5 Nc6 11. O-O-O Bb4 12. Bd3 Nge7 13. hxg6 hxg6 14. f5 gxf5 15. Bh6+ Kf7 16. Qf4 Qd6 17. Qh4 Bxc3 18. Qh5+ Ke6 19. bxc3 Qa3+ 20. Kd2 Rag8 21. Rde1+ Kd7 22. Bxf5+ Kd8 23. Re2 Na5 24. Be6 Nc4+ 25. Ke1 Qxc3+ 26. Kf1 Rg3 27. Qf7 Rxf3+ 28. gxf3 Qxf3+ 29. Kg1 Qxe2 30. Qxf6 Re8 31. Bh3 Rg8+ 32. Bg5 Qe3+ 33.
Kh2 Qxg5 34. Qe6 0-1

[Event "Late-Titled-Tuesday-Blitz-March-19-2024"]
[Site "Chess.com"]
[Date "2024.03.19"]
[Round "8"]
[White "HanSchut"]
[Black "LeninGuerra"]
[Result "0-1"]
[WhiteElo "2315"]
[BlackElo "2673"]
[TimeControl "180+1"]
[EndTime "15:26:25 PDT"]
[Termination "LeninGuerra won by resignation"]

1. e4 c5 2. Nf3 e6 3. c4 b6 4.
Nc3 Bb7 5. d3 d6 6. d4 cxd4 7.
Nxd4 a6 8. Be3 Nd7 9. f3 Ngf6 10.
Rc1 Be7 11. Qd2 O-O 12. Be2 Rc8 13. O-O Qc7 14. Rfd1 Qb8 15. Bf1 Bd8 16. Kh1 Bc7 17. Bg1 Rfd8 18. Qg5 h6 19. Qh4 Ne5 20. b3 Ng6 21.
Qf2 d5 22. cxd5 exd5 23. exd5 Nxd5 24. Nxd5 Rxd5 25. Re1 Rh5 26. h3 Rd8 27. Red1 Bg3 28. Qc2 Nf4 29. Nc6 Rxd1 30. Nxb8 Rxh3+ 31. gxh3 Bxf3+ 32. Bg2 Rxc1 33. Qb2 Bxg2+ 0-1

[Event "Late-Titled-Tuesday-Blitz-March-19-2024"]
[Site "Chess.com"]
[Date "2024.03.19"]
[Round "8"]
[White "Inepton_Fermion"]
[Black "IMRosen"]
[Result "0-1"]
[WhiteElo "2462"]
[BlackElo "2629"]
[TimeControl "180+1"]
[EndTime "15:26:27 PDT"]
[Termination "IMRosen won by resignation"]

1. Nf3 d5 2. b3 Bg4 3. Bb2 Nd7 4. d3 Bxf3 5. exf3 e5 6. g3 Bb4+ 7. Nd2 Ngf6 8. Bg2 O-O 9. O-O Re8 10. a3 Bd6 11. d4 c6 12. dxe5 Bxe5 13. Bxe5 Nxe5 14. f4 Ned7 15. Qf3 Qb6 16. Rfe1 Nc5 17. Re5 Nce4 18.
Qe2 Qd4 19. Rd1 Nc3 20. Qe1 Nxd1 21. Qxd1 Rxe5 22. fxe5 Qxe5 23. Nf3 Qe7 24. Nd4 Re8 25. Bf1 Qxa3 26. Nf5 Qb4 27. Qc1 Ne4 28. Qf4 Qd2 29.
Qf3 Qe1 30. Ne3 Nd2 31. Qf4 d4 32. Qxf7+ Kxf7 0-1

[Event "Late-Titled-Tuesday-Blitz-March-19-2024"]
[Site "Chess.com"]
[Date "2024.03.19"]
[Round "8"]
[White "Noki102"]
[Black "Narek_Ghimoyan"]
[Result "0-1"]
[WhiteElo "2558"]
[BlackElo "2467"]
[TimeControl "180+1"]
[EndTime "15:26:27 PDT"]
[Termination "Narek_Ghimoyan won on time"]

1. b4 Nf6 2. Bb2 d5 3. e3 c6 4. c4 Bf5 5. Nf3 e6 6. Be2 Bxb4 7. Qb3 Qb6 8. O-O Be7 9. Nc3 Nbd7 10. Nh4 Qxb3 11. axb3 Bc2 12. Ba3 Bxb3 13. Bxe7 Kxe7 14. Rfb1 dxc4 15. Nf3 b5 16. Nd4 Rhc8 17. Ra5 Nc5 18. Bf3 Nd5 19. Ne4 Nxe4 20. Bxe4 Kd6 21. Nxb3 cxb3 22.
Rxb3 a6 23. f4 Kc5 24. Bxd5 exd5 25. f5 Kb6 26. Rba3 b4 27. Ra1 c5 28. d4 b3 29.
R5a4 c4 30. Rb4+ Kc6 31. e4 a5 32. exd5+ Kxd5 33. Rb5+ Kxd4 34. Kf2 a4 35. Ke2 a3 36. Rf1 a2 37. Kd2 c3+ 38. Ke2 c2 39. Rf4+ Kc3 40. Rf3+ Kc4 0-1

[Event "Late-Titled-Tuesday-Blitz-March-19-2024"]
[Site "Chess.com"]
[Date "2024.03.19"]
[Round "8"]
[White "jefferyx"]
[Black "ChristopherYoo"]
[Result "1-0"]
[WhiteElo "3104"]
[BlackElo "2959"]
[TimeControl "180+1"]
[EndTime "15:26:37 PDT"]
[Termination "jefferyx won on time"]

1. d4 Nf6 2. c4 e6 3. Nc3 Bb4 4.
Nf3 d5 5. Qa4+ Nc6 6. e3 O-O 7. Bd2 Re8 8. a3 Bf8 9. Rd1 e5 10. dxe5 Nxe5 11. cxd5 Nxf3+ 12. gxf3 Bd7 13. Bb5 Bxb5 14.
Qxb5 c6 15. dxc6 bxc6 16. Qxc6 Rb8 17. Bc1 Qa5 18. Rg1 Qf5 19. Ke2 Nh5 20. Ne4 Rec8 21. Rd5 Qxe4 22. fxe4 Rxc6 23. Rxh5 Rc2+ 24. Kf3 g6 25. Rd5 Be7 26. b4 Rbc8 27. Bd2 Ra2 28. Rd3 Rcc2 29. Rd1 Bf6 30. Be1 Kg7 31. R1d2 Rxd2 32.
Bxd2 Be5 33. Bc3 Bxc3 34. Rxc3 Kf6 35. Rc6+ Kg7 36. Ra6 1-0

[Event "Late-Titled-Tuesday-Blitz-March-19-2024"]
[Site "Chess.com"]
[Date "2024.03.19"]
[Round "8"]
[White "Harsha_Bharathakoti"]
[Black "Oleksandr_Bortnyk"]
[Result "0-1"]
[WhiteElo "2950"]
[BlackElo "3083"]
[TimeControl "180+1"]
[EndTime "15:26:37 PDT"]
[Termination "Oleksandr_Bortnyk won on time"]

1. d4 Nf6 2. c4 b6 3. Nc3 Bb7 4.
Nf3 g6 5. d5 Bg7 6. e4 d6 7.
Bd3 O-O 8. O-O a5 9. Re1 Na6 10. Bg5 Nc5 11. Bc2 Nfd7 12. Qd2 Re8 13. h3 Qc8 14. Rac1 a4 15. Bb1 e6 16. Bh6 Bh8 17. Qf4 Ne5 18. Nxe5 Bxe5 19. Qh4 a3 20. b4 Na6 21. b5 Nc5 22. Bg5 exd5 23. cxd5 Qd7 24. Bf6 Bxf6 25. Qxf6 Qe7 26. Qxe7 Rxe7 27. f3 Bc8 28.
Kf2 Bd7 29. h4 Ra5 30. Re3 h5 31. Bc2 Kg7 32. Rb1 Ra8 33. Rb4 Rae8 34. Nd1 f5 35. exf5 Bxf5 36. Bxf5 gxf5 37. Rxe7+ Rxe7 38. Rd4 Re8 39. Ne3 Kf6 40. Ke2 Ke5 41. Nc2 Ra8 42. f4+ Kf6 0-1

[Event "Late-Titled-Tuesday-Blitz-March-19-2024"]
[Site "Chess.com"]
[Date "2024.03.19"]
[Round "8"]
[White "alexrustemov"]
[Black "rhungaski"]
[Result "1-0"]
[WhiteElo "2855"]
[BlackElo "2614"]
[TimeControl "180+1"]
[EndTime "15:26:37 PDT"]
[Termination "alexrustemov won by resignation"]

1. d4 Nf6 2. c4 e5 3. dxe5 Ng4 4. Bf4 Nc6 5. Nf3 Bb4+ 6. Nbd2 Qe7 7. e3 Ncxe5 8. Nxe5 Nxe5 9. Be2 O-O 10. O-O d6 11. Nb3 Nd7 12. a3 Bc5 13. Nxc5 Nxc5 14. b4 Ne6 15. Bg3 a5 16. Qd2 b6 17. Qc3 Bb7 18.
Rfe1 h6 19. f3 Rfe8 20. Bf1 Qg5 21. Bf2 Bc6 22. e4 f5 23. exf5 Nf4 24. g3 Rxe1 25.
Rxe1 axb4 26. axb4 Nh5 27. g4 Nf6 28. Bg3 Ra2 29.
Re3 Rc2 30. Qd3 Rc1 31. h4 Be4 32. hxg5 Bxd3 33. Rxd3 hxg5 34. Re3 1-0

[Event "Late-Titled-Tuesday-Blitz-March-19-2024"]
[Site "Chess.com"]
[Date "2024.03.19"]
[Round "8"]
[White "Aram7Adam"]
[Black "Revan_2002"]
[Result "0-1"]
[WhiteElo "2446"]
[BlackElo "2557"]
[TimeControl "180+1"]
[EndTime "15:26:40 PDT"]
[Termination "Revan_2002 won by checkmate"]

1. e4 g6 2. d4 Bg7 3. Nc3 d6 4.
h3 c6 5. Nf3 Nf6 6. Be3 O-O 7. g4 b5 8. a3 a6 9. Bg2 Bb7 10. O-O Nbd7 11. e5 Nd5 12. Nxd5 cxd5 13. exd6 exd6 14. Bf4 Nf6 15. c3 Ne4 16. a4 Qb6 17.
Qb3 Qc6 18. axb5 axb5 19. Nd2 Rfe8 20. Rxa8 Rxa8 21. Re1 Re8 22. Bf1 Ba6 23. f3 Nf6 24.
Rxe8+ Nxe8 25. Qa3 Bf8 26. Qa5 Nc7 27. Kf2 Be7 28. Nb3 Kg7 29. Nc1 Ne6 30. Be3 Bh4+ 31. Kg1 Bd8 32. Qa2 Bc8 33. Nd3 Nc7 34. Nb4 Qe8 35. Kf2 Bh4+ 36. Ke2 Bg5 37. Nc2 b4 38. cxb4 Ba6+ 39. Kf2 Bxf1 40. Bxg5 Qe2+ 41. Kg3 Qg2+ 42. Kf4 Ne6+ 43. Ke3 Qe2# 0-1

[Event "Late-Titled-Tuesday-Blitz-March-19-2024"]
[Site "Chess.com"]
[Date "2024.03.19"]
[Round "8"]
[White "SocoLoco"]
[Black "szachmistrz2500"]
[Result "0-1"]
[WhiteElo "2149"]
[BlackElo "2444"]
[TimeControl "180+1"]
[EndTime "15:26:40 PDT"]
[Termination "szachmistrz2500 won on time"]

1. e4 c5 2. Nf3 e6 3. d3 d5 4. Nbd2 Nc6 5. g3 Nf6 6. Bg2 Be7 7.
O-O O-O 8. c3 b5 9. a4 b4 10.
Qc2 a5 11. Re1 dxe4 12. dxe4 Ba6 13. Bf1 Bxf1 14. Nxf1 c4 15. Ne3 Qd3 16. cxb4 Nxb4 17. Qxd3 cxd3 18. Nc4 Nc2 19. Bd2 Nxa1 20. Rxa1 Bb4 21.
e5 Nd5 22. Rd1 Rfc8 23. b3 Rab8 24. Nd4 h6 25. f4 Bc5 26. Bxa5 Bxd4+ 27. Kg2 Rxb3 28.
Nd6 Rc2+ 29. Kf3 Rf2+ 30. Kg4 f5+ 31. exf6 Nxf6+ 0-1

[Event "Late-Titled-Tuesday-Blitz-March-19-2024"]
[Site "Chess.com"]
[Date "2024.03.19"]
[Round "8"]
[White "gorgeous1083"]
[Black "rikchessmx"]
[Result "1/2-1/2"]
[WhiteElo "2064"]
[BlackElo "2282"]
[TimeControl "180+1"]
[EndTime "15:26:44 PDT"]
[Termination "Game drawn by repetition"]

1. d4 Nf6 2. c4 g6 3. Nc3 d5 4. cxd5 Nxd5 5. e4 Nxc3 6. bxc3 Bg7 7. h3 O-O 8. Nf3 c5 9. Be3 Qa5 10. Bd2 Nc6 11. Be2 Rd8 12. O-O Qc7 13. d5 Ne5 14. Rc1 Nxf3+ 15. Bxf3 b6 16. Re1 Bb7 17. Bg5 c4 18. Qd2 Rac8 19. Bh6 Bh8 20. Bf4 Be5 21. Bxe5 Qxe5 22. Qd4 Qxd4 23. cxd4 e6 24. dxe6 fxe6 25. Red1 b5 26. a3 a5 27. Bg4 Kf7 28. d5 exd5 29.
Bxc8 Rxc8 30. exd5 Rd8 31. Rb1 Ba6 32. f4 Ke7 33.
Kf2 Kd6 34. Ke3 Kc5 35. Ke4 b4 36. axb4+ axb4 37. d6 c3 38. Rd5+ Kc4 39. Rd4+ Kc5 40. Rd5+ Kc4 41. Rd4+ Kc5 42. Rd5+ 1/2-1/2

[Event "Late-Titled-Tuesday-Blitz-March-19-2024"]
[Site "Chess.com"]
[Date "2024.03.19"]
[Round "8"]
[White "MYMChessAcademy"]
[Black "AccioChess"]
[Result "0-1"]
[WhiteElo "2282"]
[BlackElo "2492"]
[TimeControl "180+1"]
[EndTime "15:26:45 PDT"]
[Termination "AccioChess won by resignation"]

1. e4 c5 2. Nf3 Nc6 3. d4 cxd4 4.
Nxd4 Nf6 5. Nc3 e5 6. Ndb5 d6 7. Bg5 a6 8. Na3 b5 9. Nd5 Be7 10. Bxf6 Bxf6 11. c3 O-O 12. Nc2 Rb8 13. Bd3 Bg5 14. a4 bxa4 15. Ncb4 Nxb4 16. cxb4 Bb7 17. Qxa4 Bxd5 18. exd5 e4 19. Bxa6 e3 20. O-O exf2+ 21. Kh1 Be3 22. Ra3 Bb6 23. Rg3 Ra8 24. b5 Ra7 25. Qg4 g6 26. h4 Re8 27. Rd3 Re1 28.
Rd1 Rae7 29. g3 R7e2 30. Kg2 Qe7 31. Qc8+ Kg7 32. Qc3+ Kg8 33. Qc8+ Kg7 34. Qc3+ f6 35. Qd3 Rxd1 36. Qxd1 Qe4+ 37. Kh2 Re1 38. Qd3 Qxd3 39. Rxe1 fxe1=Q 0-1

[Event "Late-Titled-Tuesday-Blitz-March-19-2024"]
[Site "Chess.com"]
[Date "2024.03.19"]
[Round "8"]
[White "Bala-Afiada"]
[Black "martinmena"]
[Result "0-1"]
[WhiteElo "1868"]
[BlackElo "2253"]
[TimeControl "180+1"]
[EndTime "15:26:46 PDT"]
[Termination "martinmena won by resignation"]

1. d4 d5 2. c4 e6 3. Nf3 Nf6 4. g3 Be7 5. Bg2 O-O 6. Qc2 dxc4 7. Qxc4 a6 8. O-O b5 9. Qc2 Bb7 10. Nc3 Nbd7 11. e4 Rc8 12. e5 Nd5 13. Ne4 c5 14. dxc5 Nxc5 15. Nxc5 Bxc5 16. Qe2 Qb6 17. Ng5 h6 18. Ne4 Nb4 19. Nxc5 Bxg2 20. Kxg2 Rxc5 21. Be3 Qc6+ 22. Kg1 Rc2 23. Qe1 Nd3 24. Qd1 Nxe5 25. f3 Rxb2 26. Bd4 Rd8 27. Qc1 Qxc1 28. Raxc1 Rxd4 0-1

[Event "Late-Titled-Tuesday-Blitz-March-19-2024"]
[Site "Chess.com"]
[Date "2024.03.19"]
[Round "8"]
[White "DanielNaroditsky"]
[Black "xxysoul6"]
[Result "1/2-1/2"]
[WhiteElo "3178"]
[BlackElo "2986"]
[TimeControl "180+1"]
[EndTime "15:26:48 PDT"]
[Termination "Game drawn by agreement"]

1. e4 c5 2. c3 Nf6 3. e5 Nd5 4. Nf3 Nc6 5. Bc4 Nb6 6. Bb3 d5 7. exd6 Qxd6 8. O-O c4 9. Bc2 Bg4 10. Re1 e6 11. h3 Bh5 12. Na3 Qc7 13. b3 cxb3 14. axb3 Be7 15. d4 O-O 16. Nc4 Bg6 17.
Bxg6 hxg6 18. Nxb6 Qxb6 19. Bg5 Rfd8 20. Bxe7 Nxe7 21. Ne5 Nf5 22. Qf3 Qxb3 23. Rab1 Qd5 24. Qxd5 exd5 25. Rxb7 Nd6 26. Rb3 a5 27. Ra1 Rdc8 28. Nd7 a4 29. Rba3 Nb5 30. Rxa4 Rxa4 31. Rxa4 Nxc3 32. Ra5 Ne2+ 33. Kh2 Nxd4 34. Rxd5 Ne6 35.
Ne5 Rc5 36. Rxc5 Nxc5 37. f3 g5 38. Kg3 f6 39. Nc4 Kf7 40. Kf2 Ke6 1/2-1/2